 Dungeon Crawl Stone Soup version 0.20-a0-77-g476458c (webtiles) character file.

3368 sveltemanboy the Quickloader (level 9, -1/67 HPs)
             Began as a Centaur Hunter on Nov 19, 2016.
             Was a Priest of Okawaru.
             Killed from afar by Erica (23 damage)
             ... with an orb of energy
             ... on level 8 of the Dungeon.
             The game lasted 00:26:06 (8176 turns).

sveltemanboy the Quickloader (Centaur Hunter)       Turns: 8176, Time: 00:26:06

Health: -1/67      AC: 10    Str: 18    XL:     9   Next: 73%
Magic:  13/13      EV: 11    Int: 14    God:    Okawaru [***...]
Gold:   335        SH:  0    Dex: 10    Spells: 0 memorised, 8 levels left

rFire  + . .     SeeInvis .     a - +1 hand crossbow
rCold  x . .     Gourm    .     g - +0 scale mail
rNeg   . . .     Faith    .     (no shield)
rPois  +         Spirit   .     (no helmet)
rElec  .         Reflect  .     (no cloak)
rCorr  .         Harm     .     (no gloves)
MR     .....                    (no barding)
Stlth  ..........               (no amulet)
                                i - +3 ring of evasion
                                F - ring of Gettox {Fire rPois Int+2}

@: very quick
A: hooves 3, icy blue scales 1, iridescent scales 1, clever 1, deformed body,
speed 2, tough skin 3, wild magic 1
a: Heroism, Renounce Religion


You were on level 8 of the Dungeon.
You worshipped Okawaru.
Okawaru was most pleased with you.
You were hungry.

You visited 2 branches of the dungeon, and saw 9 of its levels.

You collected 335 gold pieces.

Inventory:

Hand Weapons
 a - a +1 hand crossbow (weapon)
 b - a +0 long sword
Missiles
 d - 38 bolts (quivered)
Armour
 g - a +0 scale mail (worn)
Jewellery
 i - a +3 ring of evasion (right hand)
 w - an uncursed ring of positive energy
 F - the ring of Gettox (left hand) {Fire rPois Int+2}
   (You found it on level 6 of the Dungeon)

   [ring of fire]

   It enhances your fire magic.
   It affects your intelligence (+2).
   It protects you from fire.
   It makes you vulnerable to cold.
   It protects you from poison.
Wands
 e - a wand of polymorph (4/24)
 u - a wand of paralysis (4/24)
Scrolls
 c - a scroll of fog
 h - a scroll of recharging
 j - a scroll of blinking
 k - a scroll of teleportation
 v - 2 scrolls of amnesia
 A - 5 scrolls of identify
 B - 3 scrolls of remove curse
Potions
 l - 2 potions of might
 n - 2 potions of curing
 o - a potion of cancellation {unknown}
 p - 2 potions of invisibility
 s - 2 potions of berserk rage
 t - 2 potions of flight
 C - 2 potions of heal wounds
 D - a potion of degeneration {unknown}
Comestibles
 f - 3 bread rations
 m - 3 meat rations
 q - a slice of pizza
 r - a royal jelly
 x - 9 fruits
 z - 3 beef jerkies


   Skills:
 - Level 2.0 Fighting
 + Level 5.6 Long Blades
 * Level 11.9 Crossbows
 - Level 2.0 Armour
 - Level 1.5 Dodging
 - Level 0.4 Stealth
 + Level 6.3 Invocations


You had 8 spell levels left.
You didn't know any spells.

Dungeon Overview and Level Annotations

Branches:
Dungeon (8/15)             Temple (1/1) D:5
   Lair: D:8-11

Altars:
Ashenzari
Cheibriados
Dithmenos
Elyvilon
Kikubaaqudgha
Nemelex Xobeh
Okawaru
Qazlal
Ru
Sif Muna
Trog
Uskayaw
Vehumet
Yredelemnul
The Shining One

Annotations:
D:8 Erica


Innate Abilities, Weirdness & Mutations

You have hooves in place of feet.
Armour fits poorly on your strangely shaped body.
You cover ground very quickly.
You have extremely tough skin. (AC +3)
You are partially covered in icy blue scales. (AC +2)
You are partially covered in iridescent scales. (AC +2)
Your mind is acute. (Int +2)
Your spells are a little harder to cast, but a little more powerful.


Message History

You shoot a bolt.
Erica appears from thin air!
Reactivating autopickup.
Erica gestures at you while chanting. The bolt of poison hits you! You resist.
Evoke which item? (* to show all) (? for menu, Esc to quit)
Zapping:
u - a wand of paralysis (?/24) {zapped: 6} (will waste charges)
Press: ? - help, Shift-Dir - straight line, f - Erica
Aim: Erica, wielding a scimitar of flaming and wearing a robe (heavily wounded, chance to defeat MR: 15%) Erica resists with almost no effort.
Evoking this partially-identified wand wasted a few charges.
Erica hits you with a scimitar of flaming.
Evoke which item? (* to show all) (? for menu, Esc to quit)
Zapping:
u - a wand of paralysis (?/24) {zapped: 8} (will waste charges)
Press: ? - help, Shift-Dir - straight line, f/p - Erica
Aim: Erica, wielding a scimitar of flaming and wearing a robe (heavily wounded, chance to defeat MR: 15%) Erica resists with almost no effort.
Evoking this partially-identified wand wasted a few charges.
Erica casts a spell at you. The orb of energy hits you!
You die...

#.# #..... #(#
#..... #(#
#######.....
#(#
#...........
#.#
#.####.##.#>
#(# #.#
#.##.#. #.#
#.# #....#.
#@# #.#
#.####.
#@#####.######
## #.........#
#.#####.#.#
#.# #.#.# ###
#.#.# #.#.#
#.#.# #...#
###.#


You could see Erica.

Vanquished Creatures
  Pikel (D:6)
  Eustachio (D:6)
  An ice beast (D:5)
  2 orc warriors (D:7)
  A phantom (D:4)
  A slave (D:6)
  A black bear (D:7)
  3 ogres
  3 centaurs
  3 scorpions
  9 wights
  3 howler monkeys
  2 crimson imps
  A jelly (D:5)
  An orc priest (D:3)
  2 hounds
  8 orc wizards
  A bullfrog skeleton (D:5)
  4 iguanas
  7 worker ants
  A hound skeleton (D:8)
  A worker ant zombie (D:7)
  12 gnolls
  9 adders
  A howler monkey skeleton (D:7)
  2 oozes (D:1)
  An adder zombie (D:5)
  A worm (D:2)
  A dart slug (D:2)
  7 leopard geckos
  37 orcs
  3 ball pythons
  9 giant cockroaches
  7 goblins
  7 hobgoblins
  11 jackals
  7 kobolds
  5 quokkas
  4 bats
  6 frilled lizards
  A leopard gecko skeleton (D:4)
  A leopard gecko zombie (D:5)
  10 rats
199 creatures vanquished.

Vanquished Creatures (collateral kills)
  A water moccasin (D:7)
  A hound (D:7)
  A killer bee zombie (D:7)
  A leopard gecko (D:7)
4 creatures vanquished.

Vanquished Creatures (others)
  A slave (D:6)
  A bullfrog skeleton (D:6)
  An adder (D:6)
3 creatures vanquished.

Grand Total: 206 creatures vanquished

Notes
Turn   | Place    | Note
-------+----------+-------------------------------------------
     0 | D:1      | sveltemanboy the Centaur Hunter began the quest for the Orb.
     0 | D:1      | Reached XP level 1. HP: 17/17 MP: 1/1
   159 | D:1      | Reached XP level 2. HP: 24/24 MP: 2/2
   404 | D:1      | Reached skill level 5 in Crossbows
   708 | D:1      | Reached XP level 3. HP: 25/29 MP: 3/3
  1234 | D:2      | Reached XP level 4. HP: 36/36 MP: 4/4
  1652 | D:2      | You fall through a shaft for 2 floors!
  1778 | D:3      | Reached skill level 1 in Armour
  2245 | D:3      | Reached skill level 6 in Crossbows
  2370 | D:3      | Reached XP level 5. HP: 23/41 MP: 5/5
  3210 | D:4      | Reached skill level 7 in Crossbows
  3274 | D:4      | Reached XP level 6. HP: 48/48 MP: 6/6
  3298 | D:4      | Gained mutation: Your mind is acute. (Int +2) [potion of mutation]
  3298 | D:4      | Gained mutation: You are partially covered in icy blue scales. (AC +2) [potion of mutation]
  3298 | D:4      | Gained mutation: You are partially covered in iridescent scales. (AC +2) [potion of mutation]
  3403 | D:4      | Reached skill level 1 in Long Blades
  3822 | D:4      | Reached skill level 8 in Crossbows
  3936 | D:4      | Reached XP level 7. HP: 35/55 MP: 7/7
  4260 | D:5      | Entered Level 5 of the Dungeon
  4409 | D:5      | Found a staircase to the Ecumenical Temple.
  4470 | Temple   | Entered the Ecumenical Temple
  4534 | Temple   | Became a worshipper of Warmaster Okawaru
  4689 | D:5      | Reached skill level 9 in Crossbows
  4689 | D:5      | Reached skill level 1 in Invocations
  4915 | D:5      | Found a basalt altar of Yredelemnul.
  5022 | D:5      | Reached * piety under Okawaru
  5022 | D:5      | Reached XP level 8. HP: 40/61 MP: 9/9
  5639 | D:6      | Got a flickering wooden ring
  5710 | D:6      | Noticed Pikel
  5734 | D:6      | Gained mutation: Your spells are a little harder to cast, but a little more powerful. [potion of beneficial mutation]
  5755 | D:6      | Killed Pikel
  5755 | D:6      | Reached skill level 10 in Crossbows
  5884 | D:6      | Noticed Eustachio
  5903 | D:6      | Reached ** piety under Okawaru
  5913 | D:6      | Killed Eustachio
  5938 | D:6      | Reached XP level 9. HP: 60/67 MP: 12/12
  6405 | D:6      | Reached skill level 11 in Crossbows
  6714 | D:7      | Identified the ring of Gettox {Fire rPois Int+2} (You found it on level 6 of the Dungeon)
  6733 | D:7      | Reached skill level 5 in Invocations
  6757 | D:7      | Reached skill level 5 in Long Blades
  7020 | D:7      | Reached *** piety under Okawaru
  7667 | D:8      | Found a shattered altar of Ashenzari.
  8139 | D:8      | Noticed Erica
  8176 | D:8      | Killed from afar by Erica

Vault maps used:
D:1:      minmay_arrival_widening_spiral_wide, kennysheep_boxes
D:2:      columned_hall_lemuel, minmay_item_behind_shaft
D:3:      portal_sewer_entry_f
D:5:      yredelemnul_altar_generic, first_bread
D:6:      uniq_eustachio, uniq_pikel
D:8:      lemuel_crystal_altar, uniq_erica
Temple:   regret_index_temple_mists

Skill      XL: |  1  2  3  4  5  6  7  8  9 |
---------------+----------------------------+-----
Crossbows      | 5 6 7 8 9 10 11 | 11.9
Armour         | 1 2 |  2.0
Long Blades    | 2 3 4 5 |  5.6
Invocations    | 2 4 6 |  6.3
Fighting       | |  2.0
Dodging        | |  1.5
Stealth        | |  0.4

Action                   |  1- 3 |  4- 6 |  7- 9 || total
-------------------------+-------+-------+-------++-------
Melee: Short sword       |    89 |   124 |       ||   213
       Kick              |    15 |    25 |    47 ||    87
       Long sword        |       |    13 |   170 ||   183
       Unarmed           |       |       |     9 ||     9
       Hand crossbow     |       |       |     1 ||     1
 Fire: Hand crossbow     |    10 |    79 |   293 ||   382
Evoke: Wand              |       |       |     6 ||     6
  Use: Scroll            |       |    11 |     3 ||    14
       Potion            |       |     1 |     5 ||     6
  Eat: Chunk             |       |     8 |    10 ||    18
Armor: Leather armour    |    20 |     6 |       ||    26
       Scale mail        |       |    37 |    98 ||   135
Dodge: Dodged            |    57 |    81 |   128 ||   266
       Rpst.: Long sword |       |     4 |    39 ||    43
